Map: Monte Asper

Players

Mrouver

  • Race: Protoss Protoss

Virgils

  • Race: Protoss Protoss

Tiberius

  • Race: Zerg Zerg
  • League: Silver

Jhyrachy

  • Race: Zerg Zerg
  • League: Gold

FLÄHKTUHH - Winner!

  • Race: Protoss Protoss
  • League: Gold

Teg - Winner!

  • Race: Terran Terran

Krake - Winner!

  • Race: Terran Terran

alexy - Winner!

  • Race: Zerg Zerg

VOD

Have the link to the VOD?

Description

Time

  • Played on: May 9, 2016, 5:02 p.m.
  • Length: 53:13
Show
View Real Time Build Order
Export as new Build Order

Mrouver Protoss 

Build Orders: 1 Gate Expand 

Get SALT Encoding   

  12  0:01  Probe (Chrono Boost)  
  13  0:12  Probe (Chrono Boost)  
  14  0:18  Pylon  
  14  0:22  Probe (Chrono Boost)  
  15  0:37  Probe (Chrono Boost)  
  15  0:39  Gateway  
  16  0:47  Probe (Chrono Boost)  
  17  1:10  Nexus  
  17  1:13  Probe (Chrono Boost)  
  18  1:24  Probe (Chrono Boost)  
  19  1:31  Assimilator  
  19  1:35  Probe (Chrono Boost)  
  20  1:46  Forge  
  20  1:51  Pylon  
  20  1:52  Probe (Chrono Boost)  
  21  2:03  Probe (Chrono Boost)  
  22  2:28  Photon Cannon  
  22  2:30  Probe (Chrono Boost)  
  22  2:34  Assimilator  
  22  2:36  Pylon  
  23  2:41  Probe (Chrono Boost)  
  23  2:43  Cybernetics Core  
  24  2:51  Probe (Chrono Boost)  
  25  3:06  Probe (Chrono Boost)  
  25  3:10  Pylon  
  26  3:16  Pylon  
  26  3:17  Probe (Chrono Boost)  
  27  3:27  Probe (Chrono Boost)  
  28  3:38  Stargate, Probe (Chrono Boost)  
  28  3:41  Assimilator  
  29  3:42  Assimilator, Photon Cannon  
  29  3:47  Probe (Chrono Boost)  
  29  3:48  Photon Cannon  
  30  3:49  Probe (Chrono Boost)  
  30  3:52  Stargate  
  31  3:58  Probe (Chrono Boost)  
  31  3:59  Probe (Chrono Boost)  
  33  4:05  Photon Cannon  
  33  4:16  Photon Cannon  
  33  4:23  Photon Cannon  
  33  4:28  Photon Cannon  
  33  4:29  Photon Cannon  
  33  4:34  Photon Cannon  
  33  4:37  Void Ray (Chrono Boost)  
  41  4:39  Probe (Chrono Boost)  
  41  4:42  Void Ray (Chrono Boost)  
  42  4:48  Probe  
  37  5:13  Probe x2  
  39  5:24  Probe  
  39  5:25  Probe  
  41  5:43  Probe  
  42  5:54  Probe  
  43  5:57  Void Ray (Chrono Boost)  
  43  6:00  Photon Cannon  
  43  6:04  Probe  
  43  6:10  Gateway  
  44  6:12  Gateway  
  44  6:15  Probe  
  41  6:25  Probe  
  41  6:29  Pylon  
  42  6:58  Pylon  
  42  7:00  Void Ray (Chrono Boost)  
  46  7:03  Probe  
  46  7:05  Pylon  
  46  7:06  Pylon  
  47  7:10  Pylon  
  47  7:13  Probe  
  48  7:24  Photon Cannon  
  48  7:28  Photon Cannon  
  48  7:29  Pylon  
  48  7:33  Gateway  
  48  7:34  Gateway  
  48  7:38  Gateway  
  48  7:41  Pylon  
  48  7:49  Probe  
  49  7:52  Probe  
  49  7:57  Photon Cannon  
  50  8:00  Photon Cannon  
  50  8:01  Probe, Pylon  
  50  8:02  Probe  
  60  8:05  Void Ray (Chrono Boost)  
  60  8:09  Void Ray (Chrono Boost)  
  60  8:12  Cybernetics Core  
  60  8:13  Probe  
  60  8:16  Pylon  
  60  8:29  Zealot  
  60  8:30  Zealot  
  60  8:31  Zealot  
  60  8:32  Zealot  
  68  8:58  Zealot  
  68  8:59  Gateway  
  68  9:00  Gateway  
  68  9:02  Pylon  
  70  9:26  Robotics Facility x2  
  70  9:30  Gateway  
  70  9:31  Warp Gate (Chrono Boost)  
  70  9:33  Mothership Core  
  72  9:45  Photon Cannon  
  72  9:46  Pylon  
  72  9:52  Gateway  
  72  9:54  Gateway  
  72  9:55  Photon Cannon  
  72  9:57  Pylon  
  72  10:15  Stalker x6  
  72  10:17  Stalker  
  86  10:22  Observer x2  
  86  10:25  Pylon  
  86  10:27  Pylon  
  88  10:45  Stalker  
  90  10:56  Nexus  
  90  11:00  Robotics Bay  
  90  11:01  Pylon  
  90  11:06  Pylon  
  90  11:10  Pylon  
  90  11:13  Pylon  
  90  11:25  Protoss Ground Weapons Level 1  
  90  11:33  Photon Cannon  
  90  11:38  Twilight Council  
  90  11:44  Photon Cannon  
  90  11:45  Photon Cannon  
  90  11:48  Colossus x2  
  90  11:50  Stalker x2  
  90  11:51  Stalker x5  
  116  12:06  Photon Cannon  
  116  12:09  Assimilator  
  114  12:57  Colossus x2  
  126  13:00  Stalker x3  
  95  13:44  Assimilator  
  95  13:46  Extended Thermal Lance (Chrono Boost)  
  95  13:49  Templar Archives  
  95  14:00  Stalker x4  
  95  14:01  Stalker x3  
  109  14:03  Stalker  
  109  14:04  Stalker  
  112  14:28  Blink (Chrono Boost)  
  112  14:41  Gateway  
  112  14:42  Gateway  
  112  14:54  Observer x2  
  112  14:58  High Templar x4  
  112  14:59  High Templar x4  
  130  15:04  Archon x2  
  130  15:05  Archon x2  
  130  15:12  Probe  
  131  15:22  Probe  
  132  15:34  Stalker x5  
  132  15:35  Stalker x3  
  48  17:10  Stalker x6  
  48  17:11  Stalker x3  
  48  17:12  Stalker  
  67  17:28  Mothership Core  
  69  17:37  Dark Shrine  
  68  18:15  Stalker x2  
  68  18:16  Stalker x6  
  68  18:17  Stalker x2  
  88  18:28  Cybernetics Core  
  88  18:32  Gateway  
  88  19:09  Stalker x5  
  98  20:02  Stalker  
  98  20:03  Stalker x3  
  98  20:04  Stalker x2  
  110  20:16  Pylon  
  110  21:26  Gateway  
  110  21:28  Gateway  
  110  21:34  Stargate  
  110  21:40  Pylon  
  110  22:51  Stargate  
  110  22:54  Stargate, Nexus  
  109  23:42  Dark Templar x3  
  109  23:43  Dark Templar x4  
  109  23:44  Dark Templar  
  109  23:45  Dark Templar  
  127  24:10  Void Ray  
  127  24:11  Void Ray x2  
  139  24:53  Void Ray x2  
  139  24:54  Void Ray  
  145  25:38  Void Ray x2  
  131  26:21  Void Ray  
  131  26:35  Void Ray x2  
  139  27:14  Void Ray  
  137  28:05  Void Ray x2  
  141  28:54  Void Ray  
  145  28:59  Assimilator  
  145  29:03  Assimilator  
  89  30:38  Charge (Chrono Boost)  
  89  30:47  Void Ray x2  
  97  30:53  Zealot  
  97  30:54  Zealot x3  
  97  30:55  Zealot x4  
  113  31:51  Void Ray (Chrono Boost)  
  113  31:53  Void Ray (Chrono Boost)  
  121  32:03  Void Ray (Chrono Boost)  
  125  32:49  High Templar x3  
  125  32:50  High Templar x2  
  125  32:51  High Templar x2  
  139  32:55  Archon x2  
  139  32:56  Archon  
  133  33:28  High Templar  
  133  33:33  Archon  
  71  35:18  Observer x2  
  73  35:40  Stalker  
  73  35:41  Stalker  
  77  35:42  Stalker x2  
  77  35:43  Stalker x2  
  77  35:44  Stalker  
  87  35:57  Stalker  
  87  36:01  Zealot  
  92  38:37  Observer  
  90  39:08  Zealot x2  
  90  39:09  Zealot x2  
  98  39:10  Zealot x5  
  108  40:10  Stalker x3  
  108  40:12  Stalker x3  
  120  40:22  Stalker  
  120  40:23  Stalker  
  120  40:24  Zealot  
Show
View Real Time Build Order
Export as new Build Order

Virgils Protoss 

Build Orders: 1 Gate Expand, Nexus First 

Get SALT Encoding   

  12  0:15  Pylon  
  12  0:40  Gateway  
  12  1:01  Nexus  
  12  1:10  Probe (Chrono Boost)  
  13  1:20  Probe (Chrono Boost)  
  14  1:32  Cybernetics Core  
  14  1:34  Assimilator  
  14  1:37  Assimilator  
  14  2:15  Probe (Chrono Boost)  
  15  2:25  Probe (Chrono Boost)  
  16  2:33  Forge  
  16  2:36  Probe (Chrono Boost)  
  17  2:37  Pylon  
  17  2:46  Probe (Chrono Boost)  
  18  2:54  Probe (Chrono Boost)  
  18  2:57  Mothership Core (Chrono Boost)  
  21  3:09  Photon Cannon  
  21  3:24  Stargate  
  18  4:25  Photon Cannon x2  
  18  4:30  Void Ray (Chrono Boost)  
  22  4:40  Probe  
  23  4:47  Pylon  
  23  4:52  Probe  
  24  5:04  Probe  
  25  5:13  Void Ray (Chrono Boost)  
  29  5:16  Probe  
  29  5:20  Stargate  
  31  5:28  Probe  
  31  5:50  Void Ray (Chrono Boost)  
  35  6:44  Probe  
  36  6:48  Probe  
  37  6:55  Probe, Void Ray (Chrono Boost)  
  37  7:00  Probe, Void Ray (Chrono Boost)  
  47  7:16  Pylon  
  47  7:20  Pylon  
  47  7:25  Protoss Air Weapons Level 1 (Chrono Boost)  
  47  7:27  Pylon  
  47  7:29  Pylon  
  47  7:33  Assimilator  
  47  7:37  Assimilator  
  47  7:42  Photon Cannon  
  47  7:46  Photon Cannon  
  47  7:50  Protoss Shields Level 1  
  39  8:57  Void Ray x2  
  47  9:04  Probe  
  48  9:15  Probe  
  49  9:25  Probe  
  50  9:36  Probe  
  43  9:46  Probe  
  40  10:00  Fleet Beacon  
  40  10:03  Phoenix x2  
  44  10:17  Stargate, Protoss Air Armor Level 1 (Chrono Boost)  
  44  10:19  Stargate  
  44  10:26  Probe  
  45  10:36  Probe  
  46  10:47  Probe  
  47  10:55  Phoenix  
  47  10:56  Phoenix  
  51  10:57  Probe  
  51  10:58  Anion Pulse-Crystals (Chrono Boost)  
  52  11:09  Probe  
  53  11:25  Twilight Council  
  53  11:30  Phoenix  
  53  11:31  Phoenix  
  57  11:52  Phoenix  
  57  11:53  Phoenix  
  61  11:59  Protoss Air Weapons Level 2 (Chrono Boost)  
  57  12:56  Phoenix  
  57  12:57  Phoenix x3  
  55  13:21  Phoenix  
  55  13:22  Phoenix x2  
  55  13:26  Phoenix  
  61  13:46  Phoenix  
  61  13:47  Phoenix x2  
  67  13:51  Phoenix  
  59  14:14  Phoenix  
  59  14:15  Phoenix x2  
  59  14:16  Phoenix  
  67  14:45  Protoss Air Weapons Level 3 (Chrono Boost)  
  51  16:37  Phoenix x4  
  59  16:59  Nexus  
  59  17:00  Protoss Air Armor Level 2 (Chrono Boost)  
  59  17:02  Phoenix x3  
  59  17:03  Assimilator  
  65  17:09  Assimilator  
  65  17:34  Phoenix  
  65  17:35  Phoenix x3  
  47  18:20  Phoenix x3  
  53  18:44  Phoenix  
  55  19:02  Phoenix x2  
  59  19:32  Phoenix x3  
  65  19:54  Protoss Air Armor Level 3 (Chrono Boost)  
  47  20:56  Phoenix x4  
  55  21:21  Phoenix  
  55  21:24  Phoenix x3  
  63  21:45  Phoenix  
  49  22:56  Nexus  
  33  24:26  Protoss Shields Level 2  
  33  25:08  Robotics Facility  
  33  25:30  Warp Gate (Chrono Boost)  
  33  25:38  Pylon  
  33  25:39  Pylon  
  33  25:46  Phoenix x4  
  41  26:11  Phoenix  
  41  27:27  Gateway  
  41  27:29  Gateway  
  41  27:30  Gateway  
  41  27:32  Gateway  
  41  27:35  Photon Cannon  
  41  27:37  Photon Cannon  
  41  27:38  Photon Cannon, Gateway  
  41  27:40  Photon Cannon  
  41  27:47  Phoenix x4, Pylon  
  41  27:48  Pylon  
  41  27:50  Pylon  
  49  27:57  Photon Cannon  
  49  28:00  Photon Cannon  
  49  28:12  Phoenix  
  47  28:21  Phoenix x2  
  47  28:22  Phoenix  
  53  28:37  Phoenix  
  55  28:59  Warp Prism  
  57  29:19  Phoenix x4  
  65  29:26  Protoss Ground Weapons Level 1  
  58  30:33  Zealot  
  58  30:34  Zealot x2  
  58  30:35  Zealot x2  
  31  31:02  Stalker x2  
  28  31:38  Zealot x2  
  28  31:39  Zealot x3  
  38  31:44  Charge  
  12  32:44  Zealot x3  
  14  32:45  Zealot x2  
  22  33:18  Phoenix x3  
  28  33:26  Zealot  
  30  33:27  Zealot x3  
  30  33:28  Zealot  
  20  35:39  Zealot  
  20  35:40  Zealot x2  
  20  36:16  Nexus  
  16  38:18  Probe  
  3  42:58  Phoenix  
  3  44:29  Phoenix  
  5  46:27  Mothership Core  
  5  49:08  Photon Cannon  
  5  49:10  Photon Cannon  
  5  49:11  Photon Cannon  
  5  49:13  Photon Cannon  
Show
View Real Time Build Order
Export as new Build Order

Tiberius Zerg 

Build Orders: Hatch First 

Get SALT Encoding   

  12  0:13  Overlord  
  12  0:16  Drone  
  12  0:18  Drone  
  14  0:41  Drone x2  
  16  0:53  Hatchery  
  16  0:57  Drone  
  16  1:14  Spawning Pool  
  16  1:16  Drone  
  16  1:28  Drone x2  
  18  1:37  Overlord  
  18  1:41  Extractor  
  18  1:42  Drone  
  18  1:53  Drone  
  19  2:12  Zergling x2  
  19  2:13  Zergling x4  
  19  2:14  Queen  
  24  2:16  Queen  
  26  2:23  Zergling x2  
  26  2:27  Overlord  
  28  2:30  Zergling x2  
  28  2:35  Extractor  
  27  2:40  Zergling x4  
  27  2:43  Metabolic Boost  
  29  3:00  Drone x3  
  29  3:01  Drone  
  33  3:30  Drone x2  
  33  3:31  Drone x6  
  40  3:51  Baneling Nest  
  40  3:55  Lair  
  39  4:01  Zergling x2  
  39  4:02  Zergling x6, Overlord  
  43  4:56  Spine Crawler  
  39  5:24  Hatchery  
  39  5:26  Extractor  
  37  5:30  Extractor  
  37  5:34  Infestation Pit  
  35  6:02  Spore Crawler, Centrifical Hooks  
  34  6:04  Baneling x2  
  34  6:05  Baneling x6  
  34  6:06  Baneling x6  
  34  6:10  Drone x5  
  34  6:11  Drone x6  
  42  6:12  Drone x2  
  47  6:23  Hive  
  41  6:47  Zergling x10  
  41  6:48  Zergling x6  
  48  6:59  Burrow  
  48  7:12  Queen, Evolution Chamber  
  50  7:15  Zergling x4  
  50  7:16  Zergling x6  
  57  7:26  Drone  
  57  7:27  Overlord x3  
  58  7:45  Adrenal Glands  
  58  8:04  Drone  
  58  8:05  Drone x5  
  63  8:06  Drone x6  
  63  8:07  Drone x3  
  63  8:10  Zerg Ground Armor Level 1  
  73  8:14  Spore Crawler  
  72  8:21  Extractor  
  72  8:24  Extractor  
  72  8:25  Zergling x6  
  63  8:55  Baneling x4  
  63  8:56  Baneling x2  
  63  8:59  Zergling x8  
  63  9:00  Zergling x14  
  63  9:01  Zergling x4  
  76  9:10  Queen  
  76  9:12  Pneumatized Carapace  
  78  9:18  Queen  
  61  10:25  Zergling x10  
  61  10:26  Zergling x12  
  61  10:27  Zergling x12  
  78  10:29  Zergling x2  
  79  10:36  Zerg Melee Weapons Level 1  
  79  10:37  Hatchery  
  79  10:40  Hydralisk Den  
  77  10:48  Ultralisk Cavern  
  76  10:51  Drone x6  
  82  10:57  Spore Crawler  
  82  11:04  Evolution Chamber  
  78  11:41  Baneling  
  78  11:42  Baneling x5  
  78  11:43  Baneling x4  
  78  11:45  Overlord x3  
  78  11:46  Overlord x2  
  70  12:56  Baneling x4  
  70  12:57  Baneling x6  
  70  13:02  Ultralisk x3  
  70  13:03  Ultralisk x5  
  118  13:06  Overlord x3  
  118  13:14  Chitinous Plating  
  118  13:15  Zerg Ground Armor Level 2  
  117  13:20  Zerg Melee Weapons Level 2  
  117  13:23  Muscular Augments  
  117  13:28  Queen  
  117  13:32  Ultralisk x3  
  137  13:34  Overlord  
  137  13:36  Zergling x10  
  137  13:43  Overseer  
  137  13:47  Overseer  
  98  15:07  Hydralisk x2  
  98  15:08  Hydralisk x7  
  98  15:09  Hydralisk x5  
  112  15:31  Zerg Missile Weapons Level 1  
  112  15:33  Hydralisk  
  112  15:34  Hydralisk x6  
  112  15:35  Hydralisk  
  125  15:42  Hydralisk  
  125  15:43  Hydralisk x3  
  133  15:55  Lurker Den  
  90  17:06  Hydralisk x2  
  90  17:07  Hydralisk x6  
  90  17:08  Hydralisk x4  
  106  17:13  Zerg Ground Armor Level 3  
  112  17:30  Overseer  
  112  17:33  Hydralisk x6  
  112  17:34  Hydralisk x2  
  128  17:54  Hatchery  
  101  18:55  Hydralisk x5  
  95  18:56  Hydralisk x7  
  95  18:57  Hydralisk x3  
  111  19:18  Hydralisk  
  111  19:19  Hydralisk x6  
  104  20:12  Hatchery  
  98  20:15  Spore Crawler  
  98  20:16  Spore Crawler x2  
  83  20:59  Zergling x6  
  83  21:00  Zergling x14  
  83  21:01  Zergling x4  
  25  21:50  Hydralisk  
  25  21:51  Hydralisk x6  
  25  21:52  Hydralisk x5  
  16  24:33  Hatchery  
  16  24:34  Drone  
  16  24:35  Drone x6  
  16  24:36  Drone x5  
  27  25:17  Zerg Missile Weapons Level 2  
  27  25:23  Drone x3  
  30  26:02  Hatchery  
Show
View Real Time Build Order
Export as new Build Order

Jhyrachy Zerg 

Build Orders: Pool First 

Get SALT Encoding   

  12  0:02  Drone  
  13  0:13  Drone  
  14  0:27  Overlord  
  14  0:46  Drone x3  
  17  0:51  Spawning Pool  
  17  0:52  Extractor  
  15  1:05  Drone  
  16  1:40  Roach Warren  
  16  1:44  Queen  
  17  1:58  Spine Crawler  
  16  2:02  Drone  
  16  2:03  Drone  
  17  2:16  Zergling x4  
  18  2:30  Roach  
  20  2:42  Spine Crawler  
  19  2:45  Roach  
  21  3:10  Queen  
  15  3:26  Roach x4  
  21  3:28  Overlord x2  
  10  4:05  Drone x2  
  10  7:07  Hatchery  
  9  8:31  Drone  
  10  9:01  Drone x2  
  12  9:46  Drone  
  12  9:47  Drone x2  
  15  10:12  Drone x2  
  17  10:48  Spore Crawler  
  14  10:50  Spore Crawler  
  14  10:54  Spore Crawler  
  14  10:56  Drone x3  
  15  11:23  Queen  
  15  11:25  Drone x2  
  19  12:28  Drone x2  
  19  12:29  Drone  
  22  13:03  Hatchery  
  21  13:48  Queen  
  23  14:02  Drone x4  
  27  14:03  Drone  
  28  14:32  Queen  
  30  14:52  Drone x6  
  36  14:54  Overlord x2  
  36  15:05  Hatchery  
  35  15:30  Queen x2  
  39  15:50  Evolution Chamber  
  39  15:51  Evolution Chamber  
  39  15:54  Drone  
  39  15:55  Drone  
  39  15:56  Drone  
  40  16:31  Queen  
  42  16:33  Zerg Ground Armor Level 1, Zerg Missile Weapons Level 1  
  42  16:40  Queen  
  44  18:14  Queen  
  48  18:23  Hatchery  
  39  18:30  Hatchery  
  30  18:50  Queen  
  32  19:01  Drone x8  
  40  19:40  Queen  
  40  19:44  Queen x2  
  46  19:57  Spore Crawler  
  46  19:59  Spore Crawler  
  44  20:01  Spore Crawler  
  44  20:03  Spore Crawler x2  
  44  20:04  Spore Crawler  
  44  20:06  Spore Crawler  
  39  20:15  Queen  
  39  20:20  Queen x2  
  45  20:46  Overlord x3  
  45  20:51  Queen  
  45  20:55  Queen  
  45  20:56  Queen  
  51  21:27  Queen  
  51  21:31  Queen x2  
  57  22:02  Queen  
  57  22:28  Queen x2  
  61  22:38  Queen  
  57  25:11  Pneumatized Carapace  
  53  28:33  Queen x3  
  59  29:08  Queen x2  
  59  29:09  Queen  
  45  31:41  Queen x3  
  51  32:17  Queen x2  
  53  33:33  Queen x3  
  59  34:08  Queen x2  
  63  35:00  Burrow  
  63  35:43  Queen  
  65  38:16  Overlord x3  
  65  38:17  Overlord  
  65  38:34  Queen x3  
  71  39:09  Queen x3  
  58  45:14  Queen x27  
  50  46:33  Queen x15  
  1  48:05  Drone  
  1  48:06  Drone x16  
  1  48:07  Drone x6  
  23  48:23  Spine Crawler  
  23  48:25  Spine Crawler  
  23  48:26  Spine Crawler  
  20  48:27  Spine Crawler  
  20  48:28  Spine Crawler  
  20  48:29  Spine Crawler x2  
  20  48:31  Spine Crawler  
  20  48:33  Spine Crawler x2  
  20  48:34  Spine Crawler  
  12  48:35  Spine Crawler  
  12  48:36  Spine Crawler x2  
  12  48:37  Spine Crawler x2  
  12  48:40  Spine Crawler  
Show
View Real Time Build Order
Export as new Build Order

FLÄHKTUHH Protoss - Winner!

Build Orders:  

Get SALT Encoding   

  12  0:01  Probe (Chrono Boost)  
  13  0:12  Probe (Chrono Boost)  
  14  0:20  Pylon  
  14  0:27  Probe (Chrono Boost)  
  15  0:39  Forge  
  15  0:46  Probe (Chrono Boost)  
  16  0:54  Pylon  
  16  0:56  Probe (Chrono Boost)  
  17  1:07  Probe (Chrono Boost)  
  18  1:14  Photon Cannon  
  18  1:18  Photon Cannon  
  18  1:29  Pylon  
  18  1:42  Gateway  
  18  1:47  Gateway  
  20  2:30  Zealot  
  20  2:34  Zealot  
  22  2:54  Pylon  
  22  2:59  Assimilator x2  
  22  3:02  Zealot  
  24  3:10  Zealot  
  24  3:19  Photon Cannon  
  24  3:21  Photon Cannon  
  24  3:29  Probe (Chrono Boost), Zealot  
  27  3:39  Probe (Chrono Boost)  
  26  3:49  Photon Cannon, Pylon  
  26  3:50  Probe (Chrono Boost)  
  25  4:00  Probe (Chrono Boost)  
  24  4:05  Zealot  
  24  4:06  Zealot  
  28  4:11  Probe (Chrono Boost)  
  28  4:12  Photon Cannon  
  29  4:20  Photon Cannon  
  29  4:21  Photon Cannon  
  29  4:33  Zealot  
  31  4:41  Pylon  
  26  5:21  Pylon  
  22  5:37  Nexus  
  22  5:51  Photon Cannon  
  22  5:55  Cybernetics Core  
  22  5:56  Protoss Shields Level 1 (Chrono Boost)  
  22  6:01  Assimilator  
  22  6:06  Assimilator  
  22  6:08  Pylon  
  22  6:25  Probe  
  23  6:29  Photon Cannon  
  23  6:32  Photon Cannon  
  23  6:37  Probe  
  24  6:43  Stargate  
  24  6:48  Stargate  
  24  6:49  Probe  
  24  6:53  Probe  
  26  7:01  Probe  
  26  7:03  Probe  
  28  7:13  Probe  
  28  7:14  Probe  
  29  7:21  Protoss Air Weapons Level 1 (Chrono Boost)  
  30  7:24  Probe  
  30  7:25  Probe  
  32  7:34  Phoenix  
  32  7:35  Probe  
  35  7:37  Probe  
  35  7:38  Phoenix  
  38  7:46  Pylon  
  38  7:49  Probe  
  38  7:50  Probe  
  40  7:59  Phoenix  
  40  8:00  Probe  
  40  8:02  Probe  
  44  8:10  Probe  
  45  8:14  Probe  
  46  8:20  Phoenix  
  46  8:21  Probe  
  46  8:24  Phoenix  
  51  8:53  Pylon  
  51  8:54  Nexus  
  51  9:00  Phoenix x2, Assimilator  
  55  9:03  Assimilator  
  55  9:09  Protoss Air Armor Level 1 (Chrono Boost)  
  55  9:16  Stargate  
  55  9:20  Robotics Facility  
  55  9:29  Photon Cannon  
  55  9:32  Photon Cannon  
  52  9:54  Void Ray x2  
  60  10:12  Pylon, Observer  
  60  10:14  Pylon  
  61  10:15  Pylon  
  61  10:33  Observer  
  62  10:37  Void Ray  
  62  10:42  Nexus  
  66  10:55  Nexus  
  66  11:03  Void Ray  
  70  11:20  Void Ray  
  70  11:21  Pylon, Fleet Beacon  
  74  11:34  Assimilator  
  74  11:39  Assimilator  
  74  11:55  Nexus  
  74  12:05  Pylon  
  74  12:08  Pylon  
  73  12:10  Phoenix x2  
  77  12:18  Photon Cannon  
  77  12:20  Photon Cannon  
  77  12:21  Photon Cannon  
  62  12:56  Tempest (Chrono Boost)  
  62  12:57  Tempest (Chrono Boost)  
  70  13:01  Probe  
  69  13:12  Probe  
  64  13:22  Probe  
  55  13:33  Probe, Tempest (Chrono Boost)  
  51  13:37  Tempest (Chrono Boost)  
  60  13:43  Probe  
  61  13:54  Probe  
  62  14:05  Probe  
  63  14:15  Probe  
  64  14:22  Tempest  
  61  14:28  Tempest x2 (Chrono Boost)  
  67  15:04  Protoss Air Weapons Level 2 (Chrono Boost)  
  71  15:10  Tempest (Chrono Boost)  
  71  15:11  Tempest (Chrono Boost)  
  75  15:33  Tempest (Chrono Boost)  
  75  16:17  Nexus  
  63  16:42  Tempest (Chrono Boost)  
  63  16:45  Tempest (Chrono Boost)  
  67  17:03  Tempest (Chrono Boost)  
  67  17:15  Assimilator  
  67  17:33  Observer (Chrono Boost)  
  68  17:57  Tempest  
  68  18:03  Tempest  
  58  18:22  Tempest  
  61  19:19  Tempest (Chrono Boost)  
  69  19:31  Protoss Air Weapons Level 3 (Chrono Boost)  
  65  20:07  Tempest  
  21  22:58  Oracle  
Show
View Real Time Build Order
Export as new Build Order

Teg Terran - Winner!

Build Orders: MMM Bio 

Get SALT Encoding   

  12  0:01  SCV  
  13  0:13  SCV  
  14  0:22  Supply Depot  
  14  0:25  SCV  
  15  0:43  SCV  
  15  0:46  Barracks  
  16  0:54  Refinery  
  16  0:56  SCV  
  17  1:08  SCV  
  18  1:20  SCV  
  19  1:33  Supply Depot  
  19  1:37  Marine  
  20  1:42  Barracks  
  20  1:46  Orbital Command  
  20  1:55  Marine  
  20  2:00  Refinery  
  21  2:05  Engineering Bay  
  21  2:12  Marine, SCV  
  23  2:33  Marine  
  23  2:34  Barracks Reactor  
  24  2:39  SCV, Factory  
  25  2:50  Marine  
  25  2:51  SCV  
  27  3:03  Missile Turret, SCV  
  28  3:07  Supply Depot  
  28  3:11  Marine x2  
  30  3:13  Barracks Tech Lab  
  30  3:15  SCV  
  30  3:16  Terran Infantry Weapons Level 1  
  31  3:29  SCV  
  31  3:30  Supply Depot  
  32  3:46  Marine x3  
  35  3:51  Factory Reactor, Stimpack  
  35  3:55  Starport, SCV  
  32  4:26  Marine x3  
  35  4:37  Hellion x2  
  39  4:38  Medivac  
  39  4:41  SCV  
  39  4:43  Marine x2  
  44  4:46  Command Center  
  38  5:07  Marine  
  38  5:08  Marine x2  
  41  5:25  Marine x3  
  41  5:26  Terran Infantry Armor Level 1  
  44  5:39  Supply Depot, Factory Tech Lab  
  44  5:43  Marine x2  
  46  6:00  Marine  
  46  6:01  Marine x2  
  49  6:10  Siege Tank  
  52  6:17  Marine  
  53  6:19  Marine x2  
  51  6:35  Marine  
  51  6:36  Liberator  
  51  6:37  Marine x2  
  54  6:53  Marine, Medivac  
  56  6:54  Marine x2  
  56  6:56  Combat Shields  
  56  6:57  SCV  
  56  7:00  Orbital Command  
  59  7:05  Missile Turret  
  59  7:11  Marine  
  59  7:12  Marine x2  
  62  7:16  Supply Depot  
  62  7:26  Missile Turret  
  62  7:31  Refinery  
  62  7:35  Cyclone  
  65  7:42  Medivac  
  65  7:43  Medivac  
  56  8:35  Liberator  
  41  8:50  Marine x3  
  41  8:52  Medivac  
  49  8:58  SCV  
  50  9:08  Marine x3  
  50  9:09  Barracks  
  53  9:10  Supply Depot  
  53  9:13  Cyclone  
  56  9:23  SCV  
  57  9:25  Refinery, Marine  
  57  9:26  Marine x2  
  60  9:35  SCV  
  60  9:38  Armory  
  61  9:43  Marine x3  
  64  10:01  Marine x3  
  63  10:12  Liberator  
  63  10:19  Marine  
  64  10:29  Medivac  
  64  10:31  Terran Infantry Weapons Level 2  
  64  10:34  Thor  
  75  10:36  Marine x2  
  75  10:37  Marine  
  75  10:38  Barracks Reactor  
  78  10:43  Terran Ship Weapons Level 1  
  78  10:45  Supply Depot  
  78  10:49  SCV  
  79  10:57  Marine x3  
  82  11:04  Medivac  
  84  11:11  Concussive Shells  
  84  11:15  Marine x3  
  87  11:20  Marine x2, Supply Depot  
  89  11:33  Marine x3  
  89  11:37  Marine  
  89  11:38  Marine  
  94  11:51  Marine x3  
  97  11:55  Marine x2  
  84  12:09  Marine  
  58  12:30  Marine x5  
  63  12:48  Marine x2  
  48  13:27  Liberator  
  41  13:44  Medivac  
  46  13:59  Terran Infantry Armor Level 2  
  46  14:01  Marine x5  
  51  14:05  Thor  
  57  14:15  SCV  
  58  14:18  Marine x2  
  58  14:19  Marine x2  
  63  14:34  Marauder  
  63  14:36  Marine x4, Liberator  
  68  14:45  Terran Vehicle Weapons Level 1  
  68  14:46  Command Center  
  68  14:49  Supply Depot  
  68  14:53  Medivac  
  68  14:54  Marine x4  
  68  14:56  Marauder  
  79  15:12  Marine x2  
  81  15:17  Marauder  
  83  15:23  Liberator  
  80  15:38  Marauder  
  80  15:40  Medivac  
  85  15:44  Marine x2  
  85  15:45  Thor  
  93  15:50  Starport  
  93  15:59  Planetary Fortress  
  93  16:00  Missile Turret, Marauder  
  93  16:02  Marine x2  
  80  16:15  Terran Infantry Weapons Level 3  
  59  16:21  Marine x5  
  51  16:39  Marine x4  
  46  17:09  Medivac x2  
  46  17:10  Starport Reactor  
  50  17:25  SCV  
  50  17:26  Supply Depot  
  51  17:30  Missile Turret  
  51  17:37  Marine x3, SCV  
  51  17:38  Marine  
  51  17:39  Marauder  
  58  17:50  SCV  
  59  17:54  Refinery  
  59  17:55  Marine  
  60  18:00  Marauder  
  60  18:03  Marine x3  
  65  18:21  Marauder  
  65  18:25  Thor  
  73  18:28  Marine x3  
  66  18:43  Marauder  
  61  18:56  Liberator  
  61  19:04  Marauder  
  63  19:13  Medivac  
  68  19:49  Liberator x2  
  68  19:54  Marauder, Marine x2  
  63  20:15  Marauder  
  53  21:10  Marine  
  53  21:11  Marine  
  55  21:12  Marauder  
  50  21:47  Liberator  
  46  22:02  Medivac x2  
  50  22:28  Orbital Command  
  50  22:32  Marine x3  
  53  22:52  Marine  
  14  23:59  Marine  
  14  24:00  Marine x2  
  15  24:23  Orbital Command  
  15  24:24  Marine x3  
  16  25:04  Liberator  
  16  25:15  Marine x5  
  16  25:17  Thor  
  16  25:20  Medivac x2  
  33  25:32  Marine  
  34  26:19  Liberator  
  34  26:33  Marine x4  
  34  26:34  Marauder  
  34  26:36  Medivac  
  45  26:45  Orbital Command  
  45  27:15  SCV  
  46  27:21  Marine x4  
  50  27:26  Medivac  
  50  27:27  SCV  
  53  28:08  SCV  
  51  28:29  Terran Infantry Armor Level 3  
  51  28:31  Marine x2  
  51  28:32  Marine x2  
  51  28:33  Marauder  
  57  28:36  SCV  
  58  28:48  SCV  
  59  28:49  Marine x3  
  59  28:50  Marine  
  59  28:53  Marine  
  56  29:12  Marauder  
  36  30:12  Medivac x2  
  30  31:17  Marine x3  
  25  31:18  Marauder  
  23  32:10  Orbital Command  
  15  32:51  Marine x2  
  17  33:02  Marine x3  
  20  34:00  Orbital Command  
  20  34:13  Thor  
  20  34:15  Marine x3  
  20  34:16  Marine  
  30  34:17  Marauder  
  32  34:26  SCV  
  28  35:02  Marine x2  
  30  35:39  Orbital Command  
  29  36:30  Orbital Command  
  28  36:33  Orbital Command  
  28  37:11  SCV  
  29  37:23  SCV  
  30  37:35  SCV  
  31  37:54  Marine x2  
  33  37:59  SCV  
  34  38:17  SCV  
  35  38:20  Refinery  
  35  38:32  SCV  
  36  38:44  SCV  
  37  38:56  SCV  
  38  39:08  SCV  
  39  39:20  SCV  
  40  39:26  Medivac  
  42  39:32  SCV  
  43  39:48  Marine x4  
  43  39:50  Marauder  
  49  40:02  SCV  
  50  40:07  Refinery  
  50  40:17  Marauder, Marine  
  50  40:20  SCV  
  23  41:06  Marine x2  
  23  41:07  Marine x2  
  23  41:08  Marauder  
  23  41:10  SCV  
  30  41:22  SCV  
  31  41:40  SCV  
  32  41:51  Command Center  
  32  41:56  Marine  
  32  41:57  Marine x2  
  32  41:58  Marine  
  32  41:59  SCV  
  37  42:15  Marine x3  
  37  42:16  Liberator  
  37  42:21  Liberator  
  45  42:41  Marine x3  
  49  42:50  Marine  
  50  43:08  SCV  
  51  43:21  Refinery  
  51  43:24  Orbital Command  
  51  43:25  Liberator  
  51  43:34  Marine x2  
  51  43:35  Marine  
  51  43:37  Marine  
  51  43:39  Marine  
  56  43:41  Medivac  
  61  44:23  Marine  
  61  44:24  Marine x4  
  63  44:27  Thor  
  72  44:42  Marauder  
  74  45:25  Marauder, Marine x3  
  74  45:26  Marine  
  80  45:44  Liberator  
  80  45:46  Marauder  
  82  46:02  Medivac  
  82  46:04  Thor  
  87  46:06  Marine x2  
  87  46:07  Marine x3  
  98  46:24  Marine  
  88  48:03  Marine x4  
  88  48:04  Marine  
  93  48:06  Thor  
  99  48:21  Marine  
  99  48:22  Marauder  
  95  49:18  Thor  
  95  49:20  Medivac x3  
  107  50:10  SCV  
  108  50:22  SCV  
  108  50:28  Refinery  
  109  50:35  SCV  
  110  50:41  Liberator  
  110  50:43  Medivac x3  
  110  50:47  SCV  
  110  50:49  Marine  
  118  50:58  Marine  
  118  50:59  Marine  
  118  51:00  Thor  
  118  51:01  Supply Depot  
  129  52:12  Marine x2  
  129  52:13  Marine x2  
Show
View Real Time Build Order
Export as new Build Order

Krake Terran - Winner!

Build Orders:  

Get SALT Encoding   

  12  0:12  SCV  
  13  0:28  SCV  
  14  0:37  Supply Depot  
  14  0:40  SCV  
  15  0:59  SCV  
  15  1:04  Barracks  
  16  1:11  SCV  
  17  1:21  Refinery  
  17  1:23  Refinery, SCV  
  18  1:26  Engineering Bay  
  18  1:38  Supply Depot  
  18  1:39  SCV  
  19  1:51  SCV  
  20  1:58  Missile Turret  
  20  1:59  Marine  
  21  2:08  Orbital Command  
  21  2:17  Factory  
  21  2:31  Barracks Tech Lab  
  21  2:38  SCV  
  21  2:40  Hi-Sec Auto Tracking  
  22  2:54  SCV  
  23  3:00  Barracks Reactor  
  23  3:06  Command Center, SCV  
  24  3:15  Supply Depot  
  24  3:18  SCV  
  25  3:21  Siege Tank  
  28  3:30  SCV  
  29  3:40  Marine x2  
  31  3:43  Starport  
  31  3:53  SCV  
  32  4:05  Supply Depot, SCV  
  33  4:16  Siege Tank  
  36  4:17  SCV  
  37  4:24  SCV  
  37  4:25  Missile Turret  
  37  4:27  Medivac  
  37  4:30  SCV  
  41  4:47  Widow Mine  
  43  5:02  Starport Reactor  
  43  5:10  SCV  
  44  5:22  SCV  
  45  5:35  SCV  
  46  5:44  Liberator  
  46  5:47  SCV  
  47  5:59  Siege Tank  
  53  6:14  SCV x2  
  55  6:26  SCV x2  
  55  6:31  Widow Mine  
  59  6:38  SCV  
  60  6:51  SCV x2  
  62  7:16  Supply Depot  
  62  7:18  Supply Depot  
  62  7:20  Liberator x2  
  62  7:22  Missile Turret  
  62  7:26  Refinery x2  
  62  7:30  Planetary Fortress  
  62  7:36  Command Center  
  62  7:37  Widow Mine  
  62  7:40  SCV  
  71  7:52  SCV  
  71  7:53  Starport  
  72  8:04  SCV  
  72  8:05  Widow Mine  
  73  8:10  Barracks Tech Lab  
  75  8:14  Supply Depot  
  75  8:15  Supply Depot  
  75  8:16  SCV  
  75  8:17  Supply Depot  
  75  8:18  Liberator  
  76  8:21  SCV  
  77  8:28  SCV  
  78  8:36  SCV  
  78  8:40  SCV  
  83  8:42  Liberator x2  
  83  8:48  SCV  
  75  9:00  SCV  
  75  9:01  Liberator  
  82  9:11  Supply Depot  
  82  9:15  Supply Depot  
  82  9:17  Armory  
  82  9:23  Fusion Core  
  85  9:25  Liberator  
  85  9:27  Orbital Command  
  85  9:31  Refinery  
  85  9:38  Missile Turret  
  85  9:39  Refinery  
  85  9:41  SCV x2  
  87  10:17  SCV x3  
  90  10:29  SCV x3  
  90  10:32  Liberator x3  
  93  10:41  SCV x3  
  105  10:53  SCV x3  
  105  10:55  Terran Vehicle And Ship Armor Level 1  
  108  11:05  SCV x2  
  108  11:06  SCV  
  111  11:15  Liberator  
  111  11:17  SCV x2  
  111  11:18  SCV, Factory  
  114  11:29  SCV  
  114  11:30  Liberator, SCV x2  
  114  11:31  Liberator  
  120  11:41  Advanced Ballistics, SCV  
  120  11:42  SCV x2  
  129  11:57  Liberator  
  129  12:13  Liberator x2  
  126  12:40  Liberator  
  126  12:45  Missile Turret  
  126  12:48  Missile Turret  
  126  12:56  Liberator  
  129  12:58  Liberator  
  129  13:23  Liberator  
  128  13:39  Liberator  
  131  13:41  Liberator  
  131  13:46  Terran Vehicle And Ship Armor Level 2  
  128  13:54  Armory  
  132  14:06  Liberator  
  126  14:11  Command Center  
  126  14:22  Liberator  
  128  14:43  Orbital Command  
  98  15:26  Refinery  
  98  16:02  Terran Ship Weapons Level 1  
  97  16:05  Command Center  
  75  16:27  Liberator  
  75  16:28  Liberator  
  66  17:00  Orbital Command  
  66  17:10  Liberator  
  72  17:43  Factory Reactor  
  72  17:51  Starport Reactor  
  69  17:56  Command Center  
  69  18:02  Missile Turret  
  69  18:05  Siege Tank  
  72  18:29  Liberator x3  
  72  18:37  Terran Ship Weapons Level 2  
  72  18:39  Terran Vehicle And Ship Armor Level 3  
  81  19:11  Liberator  
  81  19:12  Liberator x2  
  90  19:54  Liberator x2  
  90  19:55  Liberator  
  99  20:14  Engineering Bay  
  99  20:37  Liberator x3  
  103  21:04  Building Armor  
  103  21:14  Command Center  
  94  22:07  Liberator x3  
  94  22:21  Siege Tank  
  106  22:45  Missile Turret  
  106  22:49  Liberator  
  106  22:50  Liberator x2  
  103  23:32  Liberator x3  
  103  23:33  Missile Turret, SCV  
  104  23:45  SCV  
  111  23:57  SCV  
  111  24:01  SCV  
  113  24:09  Missile Turret, SCV  
  111  24:13  SCV  
  111  24:15  Liberator x2  
  111  24:17  Missile Turret  
  112  24:20  Terran Ship Weapons Level 3  
  112  24:21  SCV  
  113  24:25  SCV  
  114  24:33  SCV  
  114  24:38  SCV  
  109  24:45  SCV  
  109  24:50  SCV  
  111  24:54  Missile Turret  
  111  25:02  SCV  
  112  25:11  Planetary Fortress  
  112  25:13  Missile Turret  
  113  25:14  SCV  
  113  25:15  Refinery  
  113  25:17  Refinery  
  113  25:21  Missile Turret  
  113  25:29  Orbital Command  
  113  25:34  Missile Turret  
  113  25:37  Widow Mine x2  
  113  25:42  Barracks  
  117  25:57  Missile Turret  
  117  26:00  Missile Turret  
  117  26:05  Widow Mine x2  
  117  26:09  SCV  
  122  26:13  Refinery  
  122  26:21  SCV  
  123  26:33  SCV  
  123  26:34  Widow Mine x2  
  123  26:35  Liberator x2  
  125  26:45  SCV  
  129  26:57  SCV  
  130  27:01  Supply Depot  
  130  27:02  Widow Mine x2  
  130  27:03  Supply Depot  
  130  27:06  Supply Depot  
  130  27:08  Supply Depot  
  134  27:12  Missile Turret  
  131  27:23  SCV  
  131  27:24  Refinery  
  132  27:33  Factory  
  132  27:35  SCV  
  133  27:47  Missile Turret, SCV  
  134  27:57  Missile Turret x2  
  123  27:59  SCV  
  123  28:03  Liberator x2  
  124  28:12  SCV  
  125  28:17  Siege Tank  
  125  28:19  Missile Turret  
  128  28:23  Widow Mine x2  
  128  28:25  Barracks Tech Lab  
  134  28:40  Orbital Command  
  134  28:51  Widow Mine  
  134  28:52  Widow Mine  
  138  28:56  Refinery  
  138  29:02  Missile Turret  
  136  29:25  Siege Tank, Widow Mine x2  
  131  29:57  Siege Tank  
  128  30:06  Liberator x3  
  137  30:29  Siege Tank  
  140  30:57  Missile Turret  
  140  30:59  Missile Turret  
  140  31:00  Missile Turret  
  140  31:03  Missile Turret  
  140  31:07  Missile Turret  
  136  31:34  SCV  
  137  31:46  SCV  
  138  31:58  SCV  
  138  32:00  SCV  
  140  32:10  SCV  
  142  32:16  Planetary Fortress  
  142  32:20  Missile Turret  
  142  32:22  SCV  
  139  32:46  Missile Turret  
  139  33:10  Missile Turret  
  139  33:44  Liberator x3  
  139  33:50  Command Center  
  139  34:00  Missile Turret  
  139  34:02  Missile Turret  
  130  34:27  Liberator x3  
  100  34:55  Refinery  
  100  34:58  Refinery  
  100  35:02  Missile Turret  
  100  35:03  Missile Turret  
  100  35:04  SCV  
  100  35:05  Missile Turret  
  101  35:10  Liberator x3  
  101  35:13  Widow Mine x3  
  107  35:16  SCV  
  117  35:28  SCV  
  118  35:41  Widow Mine, SCV  
  118  35:42  Widow Mine x2  
  125  35:49  Missile Turret  
  125  35:51  Drilling Claws  
  125  35:52  Liberator  
  125  35:53  Liberator x2, SCV  
  126  36:10  Widow Mine x3  
  139  36:35  Liberator x2  
  139  36:38  Widow Mine  
  139  36:39  Widow Mine x2  
  148  37:07  Widow Mine x3  
  154  37:19  Missile Turret  
  154  37:36  Siege Tank, Widow Mine x2  
  161  37:44  Missile Turret  
  161  38:04  Widow Mine x2, Terran Vehicle Weapons Level 1  
  165  38:05  Terran Infantry Weapons Level 1  
  165  38:06  Terran Infantry Armor Level 1  
  165  38:08  Siege Tank  
  165  38:10  Stimpack  
  168  38:22  Barracks  
  168  38:23  Barracks  
  168  38:24  Command Center  
  168  38:41  Siege Tank  
  171  39:13  Siege Tank  
  171  39:16  Liberator x3  
  174  39:31  Widow Mine x2  
  174  39:36  Barracks Reactor  
  174  39:38  Barracks Reactor  
  187  39:42  Barracks  
  187  39:45  Siege Tank  
  190  39:46  Barracks  
  190  39:59  Widow Mine x2, Liberator x2  
  190  40:06  Planetary Fortress  
  194  40:09  Missile Turret  
  194  40:10  Combat Shields  
  197  41:10  Marine x2  
  197  41:11  Marine  
  195  41:35  Refinery  
  195  41:46  Medivac  
  195  41:47  Medivac  
  199  41:48  Marine  
  194  42:32  Marine x4  
  194  42:33  Marine x2  
  200  42:42  Missile Turret  
  200  43:01  Barracks Reactor  
  200  43:02  Missile Turret  
  200  43:03  Barracks Reactor  
  193  45:08  Concussive Shells  
  193  45:13  Terran Infantry Weapons Level 2  
  193  45:14  Terran Infantry Armor Level 2  
  193  45:27  Missile Turret  
  193  45:41  Medivac x2  
  193  45:42  Medivac  
  199  46:18  Refinery  
  199  47:12  Ghost Academy  
  199  47:16  Ghost Academy  
  199  47:17  Ghost Academy  
  199  47:19  Ghost Academy  
  199  47:48  Personal Cloaking  
  199  47:49  Nuke x3  
  199  48:56  Command Center  
  199  48:57  Missile Turret  
  199  48:59  Missile Turret x2  
  199  49:03  Command Center  
  199  49:14  Nuke  
  199  49:23  Missile Turret  
  199  49:26  Command Center  
  199  49:30  Ghost  
  199  49:46  Refinery  
  199  50:11  Refinery  
  199  50:43  Nuke  
  199  50:44  Nuke  
  199  50:51  Missile Turret  
  199  51:01  Nuke  
  199  51:19  Nuke  
  199  51:32  Nuke  
  199  52:19  Nuke  
Show
View Real Time Build Order
Export as new Build Order

alexy Zerg - Winner!

Build Orders: Pool First 

Get SALT Encoding   

  12  0:21  Spawning Pool  
  11  0:28  Overlord  
  11  1:08  Zergling x6  
  14  1:12  Queen  
  16  1:21  Zergling x2  
  17  1:34  Hatchery  
  16  1:43  Zergling x4  
  18  2:13  Zergling x4  
  19  2:42  Zergling x2  
  19  2:43  Zergling x4  
  22  2:44  Overlord  
  20  3:16  Zergling x4  
  20  3:17  Zergling x2  
  22  3:22  Zergling x4  
  22  3:23  Zergling x2  
  23  3:28  Zergling x6  
  6  5:19  Drone x5  
  11  7:29  Hatchery  
  10  9:21  Drone  
  10  9:22  Drone  
  11  9:50  Drone x3  
  14  10:09  Drone  
  15  10:21  Drone  
  17  10:28  Drone  
  17  10:39  Drone  
  18  10:56  Drone x2  
  20  11:01  Extractor  
  19  11:13  Drone  
  20  11:25  Hatchery  
  19  11:33  Drone x2  
  21  11:40  Extractor  
  21  11:44  Spawning Pool  
  19  11:49  Drone  
  20  12:12  Drone  
  20  12:14  Overlord  
  20  12:24  Drone  
  21  12:34  Lair  
  21  12:40  Drone  
  22  12:56  Drone x2  
  22  12:57  Drone  
  25  13:03  Drone x2  
  27  13:15  Drone  
  27  13:19  Queen  
  30  13:23  Drone x2  
  32  13:42  Drone x2  
  34  13:49  Overlord x2  
  34  13:50  Overlord  
  34  13:56  Drone  
  35  14:04  Extractor  
  35  14:08  Extractor  
  33  14:12  Queen  
  33  14:15  Drone  
  36  14:20  Spire  
  35  14:30  Drone x3  
  35  14:31  Drone x3  
  41  14:54  Overlord x3  
  41  14:59  Drone  
  43  15:00  Drone  
  43  15:23  Drone  
  43  15:24  Drone x3  
  47  15:32  Mutalisk  
  47  15:33  Mutalisk x4  
  57  15:37  Mutalisk x2  
  61  15:56  Mutalisk x4  
  65  16:03  Overlord x3  
  65  16:04  Overlord x2  
  65  16:26  Mutalisk x2  
  65  16:32  Mutalisk x5  
  79  16:49  Mutalisk x2  
  83  17:08  Mutalisk x2  
  87  17:36  Mutalisk  
  87  17:37  Mutalisk x2  
  93  17:56  Zerg Flyer Weapons Level 1  
  81  19:03  Mutalisk x3  
  81  19:09  Mutalisk x2  
  87  19:10  Mutalisk x2  
  95  19:41  Mutalisk x3  
  95  19:43  Mutalisk  
  103  19:50  Zerg Flyer Armor Level 1  
  103  20:09  Mutalisk x2  
  103  20:10  Mutalisk  
  109  20:34  Mutalisk x2  
  113  21:15  Mutalisk  
  113  21:17  Overlord x2  
  113  21:55  Mutalisk x3  
  119  22:01  Mutalisk  
  119  22:02  Mutalisk x4  
  129  22:27  Overlord x2  
  129  22:32  Overlord x2  
  129  22:41  Zerg Flyer Weapons Level 2  
  129  22:49  Mutalisk  
  129  22:50  Mutalisk x2  
  135  23:26  Mutalisk x3  
  135  23:27  Mutalisk x2  
  141  24:33  Mutalisk x3  
  147  24:56  Zerg Flyer Armor Level 2  
  147  25:07  Mutalisk x3  
  147  25:11  Mutalisk x3  
  77  27:13  Mutalisk x2  
  77  27:14  Mutalisk  
Tags
 
Add a new tag
Caveats
  • Supply blocks, unpowered buildings, or Contaminate may cause inaccurate times.
  • Supply counts are checked every 10 seconds.